 Dungeon Crawl Stone Soup version 0.31-a0-496-g6f97920a28 (webtiles) character file.

Game seed: 9732627476884565615

21494 ytrimaz the Mimic (level 12, 0/91 HPs)
             Began as a Demonspawn Shapeshifter on Aug 8, 2023.
             Was an Initiate of Gozag.
             Slain by an ice devil (8 damage)
             ... summoned by an orc high priest
             ... on level 2 of the Orcish Mines.
             The game lasted 00:22:21 (15668 turns).

ytrimaz the Mimic (Demonspawn Shapeshifter)        Turns: 15668, Time: 00:22:22

Health: 0/91       AC: 17    Str: 26    XL:     12   Next: 54%
Magic:  12/12      EV: 30    Int: 10    God:    Gozag
Gold:   3172       SH:  0    Dex: 13    Spells: 11/11 levels left

rFire   + .          .
                       - Unarmed
rCold   + . .        (shield currently unavailable)
rNeg    + + .        F - +5 ring mail of Magic {+Inv rF+ rN+}
rPois   .            N - +0 helmet
rElec   .            T - +0 cloak
rCorr   .            (gloves unavailable)
SInv    .            k - +0 pair of boots
Will    .....        u - amulet of the acrobat
Stlth   +            e - ring of positive energy
HPRegen 0.35/turn    i - ring "Weatuntud" {rC+ AC+4 Str+5 Slay-4}
MPRegen 0.13/turn

%: repel missiles, acrobat
@: agile, flux-form, gold aura, glowing
A: glow, contaminating, repulsion field 3, powered by pain 1, demonic touch 3
a: Begin Untransformation, Renounce Religion, Evoke Invisibility, Potion
Petition, Call Merchant, Bribe Branch


You were on level 2 of the Orcish Mines.
You worshipped Gozag.
Gozag was most pleased with you.
You were something dangerously unstable.
You visited 3 branches of the dungeon, and saw 15 of its levels.
You also visited: Bailey.

You collected 3322 gold pieces.
You paid 150 gold pieces to Gozag.


Innate Abilities, Weirdness & Mutations

You are something dangerously unstable.
You glow with magical radiation, making you easy to see and hit.
Foes you strike become dangerously contaminated with magical radiation.
You are incapable of wielding weapons or throwing items.
You are surrounded by a strong repulsion field. (EV +4, RMsl)
You sometimes gain a little power by taking damage.
Your touch may irresistibly damage your foes and sap their willpower.


   Skills:
 + Level 7.0 Fighting
 + Level 6.6 Dodging
 - Level 9.0 Unarmed Combat
 - Level 13.0 Shapeshifting


You had 11 spell levels left.
You didn't know any spells.
Your spell library contained the following spells:

 Spells                   Type           Power      Damage    Failure   Level
 Scorch                   Fire           0%         2d5       65%         2
 Call Canine Familiar     Summ           0%         N/A       86%         3
 Portal Projectile        Hex/Tloc       0%         N/A       86%         3
 Animate Armour           Summ/Erth      0%         N/A       99%         4
 Flame Wave               Conj/Fire      0%         2d4       99%         4
 Leda's Liquefaction      Hex/Erth       0%         N/A       99%         4
 Summon Lightning Spire   Summ/Air       0%         N/A       99%         4
 Lee's Rapid Deconstruct  Erth           0%         3d4*      100%        5
 Summon Forest            Summ/Tloc      0%         N/A       100%        5
 Eringya's Noxious Bog    Tmut/Pois      0%         4d6       100%        6
 Summon Cactus Giant      Summ           0%         N/A       100%        6
 Summon Hydra             Summ           0%         N/A       100%        7

Inventory:

Armour
 a - a +0 animal skin
 k - a +0 pair of boots (worn)
   (You found it on level 7 of the Dungeon)
 C - +0 swamp dragon scales
   (You took it off Maggie on level 6 of the Dungeon)
 F - the +5 ring mail of Magic (worn) {+Inv rF+ rN+}
   (You found it on level 7 of the Dungeon)

   rF:        It protects you from fire.
   rN:        It protects you from negative energy.
   +Inv:      It lets you turn invisible.
 N - a +0 helmet (worn)
   (You found it on level 4 of the Dungeon)
 T - a +0 cloak (worn)
   (You found it on level 12 of the Dungeon)
Jewellery
 e - a ring of positive energy (left hand)
   (You found it on level 1 of the Dungeon)
 i - the ring "Weatuntud" (right hand) {rC+ AC+4 Str+5 Slay-4}
   (You found it on level 3 of the Dungeon)

   [ring of protection]

   AC:        It affects your AC (+4).
   Str:       It affects your strength (+5).
   Slay:      It affects your accuracy & damage with ranged weapons and melee
   (-4).
   rC:        It protects you from cold.
 u - an amulet of the acrobat (around neck)
   (You found it on level 8 of the Dungeon)
 v - a +6 ring of strength
   (You found it on level 6 of the Dungeon)
 w - a +6 ring of intelligence
   (You found it on level 4 of the Dungeon)
 x - a ring of positive energy
   (You found it on level 4 of the Dungeon)
 y - a ring of ice
   (You found it on level 4 of the Dungeon)
 K - a ring of ice
   (You found it on level 8 of the Dungeon)
 P - a ring of flight
   (You found it on level 9 of the Dungeon)
 V - a ring of resist corrosion
   (You found it on level 12 of the Dungeon)
Talismans
 c - a beast talisman
 d - a flux talisman (active)
 D - a blade talisman
   (You found it on level 6 of the Dungeon)
 R - a serpent talisman
   (You found it on level 11 of the Dungeon)
Wands
 n - a wand of polymorph (9)
   (You found it on level 8 of the Dungeon)
 s - a wand of flame (22) (quivered)
   (You found it on level 3 of the Dungeon)
 H - a wand of roots (16)
   (You found it on level 7 of the Dungeon)
Scrolls
 f - a scroll of butterflies
 g - a scroll of silence
 j - 3 scrolls of fog
 l - a scroll of vulnerability
 o - a scroll of fear
 r - 2 scrolls of brand weapon
 A - 4 scrolls of teleportation
 E - 2 scrolls of enchant weapon
 G - 3 scrolls of amnesia
 M - a scroll of blinking
 U - 2 scrolls of identify
Potions
 b - 3 potions of lignification
 h - a potion of resistance
 m - 4 potions of degeneration
 p - 4 potions of haste
 q - 4 potions of enlightenment
 t - 3 potions of invisibility
 z - a potion of mutation
 B - 3 potions of heal wounds
 I - 2 potions of might
 J - a potion of attraction
 L - a potion of brilliance
 O - a potion of curing
 Q - 2 potions of ambrosia

Dungeon Overview and Level Annotations

Branches:
Dungeon (12/15) Zot: 25004  Temple (1/1) D:7 Zot: 5956    Lair (0/5) D:11
    Orc (2/2) D:12 Zot: 10671     Elf (0/3) Orc:2        Bailey (visited)

Altars:
Ashenzari
Cheibriados
Dithmenos
Fedhas
Gozag
Hepliaklqana
Kikubaaqudgha
Makhleb
Nemelex Xobeh
Okawaru
Qazlal
Ru
Sif Muna
Trog
Uskayaw
Vehumet
Wu Jian
Xom
Yredelemnul

Annotations:
D:7 3 runed translucent doors, LustLizard's ghost, novice OpSh; liarliar's ghost, novice DrSh
D:12 exclusion: obsidian statue

# #.......#... ##
######......##... .##
##.#........##.#.. #.##
#...........#..... ...# ###
##................ ...######.##
##...#............ ..........^#
##.#...#........... ...........#
#..).....#.........
.........o.#####B3......#........
......##...#..#.o4.....####......
.........o....o........#.#.......
..............#.#.##..#.........#
..............######..##........#
...............###...............
###########...###...............#
###### #...# ##.##...<........
.....# #..## ###...#.........


You could see a soul eater (summoned), an orc high priest (heavy contam,
weak-willed, misshapen), an ice devil (summoned) and an orc priest.


Message History

You barely miss the orc high priest.
The orc high priest hits you but does no damage.
The orc high priest intones a terrible prayer.
The orc high priest calls upon Beogh to heal the orc high priest.
The orc high priest is healed somewhat.
The soul eater completely misses you.
Unknown command.
You barely miss the orc high priest.
You touch the orc high priest!
You kill the orc high priest!
The orc high priest hits you but does no damage.
The soul eater hits you! The ice devil completely misses you.
Your life force feels restored.
Your Fighting skill increases to level 7! 😕 HP[-6]
You now have 91 max hp (+3).
You take 6 damage, and now have 71/91 hp.
Unknown command.
The orc high priest hits you but does no damage.
The soul eater hits you!
Things that are here:
5 gold pieces; a +0 short sword; 😮 HP[-10]
You take 10 damage, and now have 61/91 hp.
You hit the orc high priest.
The orc high priest begins to glow.
The orc high priest hits you with a +0 short sword! 😮 HP[-6]
You take 6 damage, and now have 55/91 hp.
Unknown command.
You barely miss the orc high priest.
The soul eater is distracted by your dazzling golden aura.
The ice devil completely misses you.
An orc priest comes into view. It is wielding a +0 hand axe.
The orc high priest hits you but does no damage.
You barely miss the orc high priest.
The orc priest shouts!
You touch the orc high priest!
You sap its willpower!
The ice devil completely misses you.
Unknown command.
You barely miss the orc high priest. Your touch misses the orc high priest.
The orc high priest hits you but does no damage.
The ice devil barely misses you.
You hit the orc high priest.
The orc high priest glows dangerously bright.
The orc high priest closely misses you. The ice devil hits you.
The ice devil freezes you! You resist.
* * * LOW HITPOINT WARNING * * *
😨 HP[-10]
You take 10 damage, and now have 45/91 hp.
Unknown command.
You hit the orc high priest.
The orc high priest shudders as magic cascades through it!
The orc high priest twists and deforms.
The orc high priest mumbles some strange prayers.
The orc high priest barely misses you.
The orc priest calls upon Beogh to heal the orc high priest.
The orc high priest is healed somewhat.
The ice devil completely misses you.
You closely miss the orc high priest. Your touch misses the orc high priest.
The orc high priest hits you with a +0 short sword.
* * * LOW HITPOINT WARNING * * *
😨 HP[-2]
You take 2 damage, and now have 43/91 hp.
Unknown command.
You hit the orc high priest but do no damage.
The orc high priest begins to glow.
You touch the orc high priest!
You sap its willpower!
The soul eater is no longer distracted by gold.
The soul eater misses you.
The ice devil completely misses you. 😨 HP[+1]
You punch the orc high priest!
The orc high priest glows dangerously bright.
The orc high priest completely misses you.
The soul eater misses you.
The ice devil hits you but does no damage.
Unknown command.
You hit the orc high priest but do no damage.
The orc high priest shudders as magic cascades through it!
The orc high priest twists and deforms.
The orc priest casts a cantrip, but nothing happens.
The orc high priest hits you but does no damage.
The soul eater hits you but does no damage.
The ice devil completely misses you.
You hit the orc high priest.
The orc high priest begins to glow.
The orc high priest hits you but does no damage.
The orc priest invokes the aid of Beogh against you.
You are unaffected.
The soul eater closely misses you.
The ice devil completely misses you. 😨 HP[+1] Unknown command.
You hit the orc high priest but do no damage.
The orc high priest glows dangerously bright.
The orc high priest invokes the aid of Beogh against you.
Beogh smites you!
* * * LOW HITPOINT WARNING * * *
You focus on the pain.
You feel agile all of a sudden. The soul eater hits you!
* * * LOW HITPOINT WARNING * * *
The ice devil hits you!
* * * LOW HITPOINT WARNING * * *
The ice devil freezes you! You resist.
You die...
Your body crumbles into a pile of gold.

Skill      XL: |  1  2  3  4  5  6  7  8  9 10 11 12 |
---------------+-------------------------------------+-----
Shapeshifting  | 3 4 5 6 7 9 11 13 | 13.0
Unarmed Combat | 3 4 5 6 8 9 |  9.0
Fighting       | 4 7 |  7.0
Dodging        | 4 6 |  6.6

Action                     |  1- 3 |  4- 6 |  7- 9 | 10-12 || total
---------------------------+-------+-------+-------+-------++-------
  Melee: Unarmed           |   180 |    97 |   320 |   656 ||  1253
         Punch             |     1 |     1 |       |     4 ||     6
         Touch             |       |    10 |    64 |   154 ||   228
  Evoke: Wand              |       |       |     7 |     8 ||    15
    Use: Potion            |     1 |     3 |     5 |     3 ||    12
         Scroll            |       |       |    14 |    11 ||    25
   Stab: Distracted        |       |       |       |     2 ||     2
 Armour: Animal skin       |    24 |    14 |    15 |       ||    53
         Skin              |     1 |     3 |    16 |     1 ||    21
         Swamp dragon scal |       |       |    31 |     3 ||    34
         Ring mail         |       |       |    33 |   189 ||   222
  Dodge: Dodged            |   128 |    67 |   282 |   665 ||  1142
         Repelled          |       |       |     2 |     6 ||     8
   Form: Flux              |     1 |     1 |       |     1 ||     3
         Beast             |       |     1 |       |       ||     1
         Blade             |       |       |       |     1 ||     1

Levels and vault maps discovered:
D:1:      dpeg_arrival_short_road, layout_basic
D:2:      layout_basic, shapermc_ecumenical_altar_mp_vishouse, hex_intersection,
          serial_park_tiny_1
D:3:      layout_basic, good_gods_mini_temple, nicolae_overflow_crystal_walls,
          minmay_randomly_rotated_circles, uniq_sigmund
D:4:      layout_basic, mainiacjoe_overflow_concentric_impassable
D:5:      layout_loops_ring, kennysheep_cross_bottleneck, uniq_duvessa
D:6:      layout_basic, amethyst_overflow_temple_binary, uniq_grinder,
          uniq_blork_the_orc, uniq_maggie
D:7:      layout_cave_pools, mainiacjoe_overflow_two_lobes,
          minmay_temple_entry_gardened_gates, gammafunk_ghost_cemetery
D:8:      layout_cave_pods, enter_bailey_8, dk_noncrumbling_4, minmay_orc_keep
D:9:      layout_long_grid, chequers_serial_rivers_micro_c, minmay_door_square
D:10:     layout_loops_ring, chequers_serial_rivers_large_a
D:11:     layout_roguey, david_lair_generic
D:12:     layout_irregular_city, hiddenorc1_lemuel, minivault_15
Temple:   nicolae_temple_ecumenical_triangle
Orc:1:    layout_diamond_mine
Orc:2:    st_orc_elflike, layout_caves, lightli_orcish_oven

Notes
Turn   | Place    | Note
-------+----------+-------------------------------------------
     0 | D:1      | ytrimaz the Demonspawn Shapeshifter began the quest for the
                  | Orb.
     0 | D:1      | Reached XP level 1. HP: 15/15 MP: 1/1
     0 | D:1      | magus.rc [v1.9.6]
    69 | D:1      | HP: 2/10 [frozen (3)]
   160 | D:1      | Reached skill level 3 in Shapeshifting
   160 | D:1      | Gained mutation: You are surrounded by a mild repulsion
                  | field. (EV +2) [demonic ancestry]
   160 | D:1      | Reached XP level 2. HP: 8/21 MP: 2/2
   404 | D:1      | Reached skill level 3 in Unarmed Combat
   853 | D:2      | Gained mutation: You are surrounded by a moderate repulsion
                  | field. (EV +3) [demonic ancestry]
   853 | D:2      | Reached XP level 3. HP: 13/26 MP: 3/3
  1522 | D:2      | Found a faded altar of an unknown god.
  1722 | D:3      | Found a sparkling altar of Nemelex Xobeh.
  1763 | D:3      | HP: 6/39 [kobold/+0 short sword (2)]
  1764 | D:3      | Reached XP level 4. HP: 8/32 MP: 4/4
  1904 | D:3      | HP: 2/24 [hound (5)]
  1922 | D:3      | Reached skill level 4 in Shapeshifting
  2250 | D:3      | Identified the ring "Weatuntud" {rC+ AC+4 Str+5 Slay-4}
  2411 | D:3      | Noticed Sigmund
  2421 | D:3      | Killed Sigmund
  2422 | D:3      | Reached skill level 4 in Unarmed Combat
  2422 | D:3      | Gained mutation: Your touch may inflict minor irresistible
                  | damage on your foes. [demonic ancestry]
  2422 | D:3      | Reached XP level 5. HP: 29/37 MP: 5/5
  2422 | D:3      | Gained mutation: Your touch may inflict irresistible damage
                  | on your foes. [demonic ancestry]
  2422 | D:3      | Reached XP level 6. HP: 33/43 MP: 6/6
  3210 | D:4      | Found a burning altar of Makhleb.
  3529 | D:5      | Entered Level 5 of the Dungeon
  3601 | D:5      | Reached skill level 5 in Shapeshifting
  3811 | D:5      | Reached XP level 7. HP: 13/48 MP: 7/7
  3993 | D:5      | Noticed Dowan
  3994 | D:5      | Noticed Duvessa
  4013 | D:5      | Killed Duvessa
  4013 | D:5      | HP: 11/72 [Dowan/stone arrow (9)]
  4014 | D:5      | Reached skill level 5 in Unarmed Combat
  4016 | D:5      | HP: 5/72 [Dowan/+0 dagger (1)]
  4022 | D:5      | Killed Dowan
  4371 | D:5      | Reached skill level 6 in Shapeshifting
  4442 | D:5      | HP: 18/72 [gnoll/+0 club[a gnoll bouda] (2)]
  4447 | D:5      | HP: 9/72 [poisoned by a gnoll bouda]
  4824 | D:6      | Identified the +0 leather armour "Ehihif Righ" {*Slow
                  | +Blink Will+++ Dex-5}
  4896 | D:6      | Noticed Blork the orc
  4901 | D:6      | Killed Blork the orc
  4902 | D:6      | Reached XP level 8. HP: 54/54 MP: 8/8
  5006 | D:6      | Noticed Grinder
  5018 | D:6      | Killed Grinder
  5019 | D:6      | Reached skill level 6 in Unarmed Combat
  5198 | D:6      | Reached skill level 7 in Shapeshifting
  5347 | D:6      | You pick up a book of the Hunter and begin reading...
  5347 | D:6      | You add the spells Call Canine Familiar, Portal Projectile
                  | and Leda's Liquefaction to your library.
  5597 | D:6      | Noticed Maggie
  5612 | D:6      | Killed Maggie
  5928 | D:6      | Gained mutation: You are surrounded by a strong repulsion
                  | field. (EV +4, RMsl) [demonic ancestry]
  5928 | D:6      | Reached XP level 9. HP: 51/59 MP: 9/9
  5957 | D:6      | Found a sacrificial altar of Ru.
  5964 | D:6      | Found a hazy altar of Hepliaklqana.
  6291 | D:7      | Found a runed translucent gate.
  6292 | D:7      | Found a runed translucent gate.
  6349 | D:7      | Reached skill level 8 in Shapeshifting
  6373 | D:7      | Found a staircase to the Ecumenical Temple.
  6377 | D:7      | You add the spells Summon Forest, Eringya's Noxious Bog and
                  | Summon Hydra to your library.
  6384 | D:7      | Identified the +5 ring mail of Magic {+Inv rF+ rN+}
  6400 | Temple   | Entered the Ecumenical Temple
  6437 | Temple   | Became a worshipper of Gozag Ym Sagoz the Greedy
  6529 | D:7      | Reached skill level 7 in Unarmed Combat
  6754 | D:7      | Found a blossoming altar of Fedhas.
  6786 | D:7      | Found an iron altar of Okawaru.
  6844 | D:7      | Found a runed translucent gate.
  6845 | D:7      | Noticed liarliar's ghost (novice DrSh)
  6845 | D:7      | Noticed LustLizard's ghost (novice OpSh)
  7054 | D:8      | Identified the +3 mace "Lirrogh" {antimagic, Fragile Str+5
                  | Dex+7}
  7143 | D:8      | Found a flagged portal.
  7204 | Bailey   | Entered a bailey
  7251 | Bailey   | Reached skill level 9 in Shapeshifting
  7371 | Bailey   | Reached skill level 8 in Unarmed Combat
  7865 | D:8      | You pick up a book of Iron and begin reading...
  7865 | D:8      | You add the spells Summon Lightning Spire, Animate Armour
                  | and Lee's Rapid Deconstruction to your library.
  8154 | D:8      | Gained mutation: Your touch may irresistibly damage your
                  | foes and sap their willpower. [demonic ancestry]
  8154 | D:8      | Reached XP level 10. HP: 55/65 MP: 10/10
  9251 | D:9      | Reached skill level 9 in Unarmed Combat
  9251 | D:9      | Reached skill level 10 in Shapeshifting
  9695 | D:10     | Entered Level 10 of the Dungeon
 10050 | D:10     | Noticed a two-headed ogre
 10057 | D:10     | Killed a two-headed ogre
 10058 | D:10     | Reached skill level 11 in Shapeshifting
 11072 | D:11     | Gained mutation: You sometimes gain a little power by
                  | taking damage. [demonic ancestry]
 11072 | D:11     | Reached XP level 11. HP: 70/70 MP: 11/11
 11205 | D:11     | Noticed a green ugly thing
 11251 | D:11     | Killed a red ugly thing
 11335 | D:11     | Reached skill level 12 in Shapeshifting
 11517 | D:11     | Found a staircase to the Lair.
 12342 | D:12     | You pick up a book of Scorching and begin reading...
 12342 | D:12     | You add the spells Scorch, Flame Wave and Summon Cactus
                  | Giant to your library.
 12351 | D:12     | Noticed a boulder beetle
 12374 | D:12     | Killed a boulder beetle
 12375 | D:12     | Reached skill level 13 in Shapeshifting
 12375 | D:12     | Reached skill level 2 in Fighting
 12375 | D:12     | Reached skill level 2 in Dodging
 12391 | D:12     | Noticed a two-headed ogre
 12396 | D:12     | Killed a two-headed ogre
 12397 | D:12     | Reached skill level 3 in Dodging
 12531 | D:12     | Noticed an obsidian statue
 12579 | D:12     | Reached skill level 3 in Fighting
 12842 | D:12     | HP: 18/76 [orc/+0 flail (6)]
 13173 | D:12     | Noticed a cyan ugly thing
 13186 | D:12     | Killed a brown ugly thing
 13187 | D:12     | Reached skill level 4 in Fighting
 13187 | D:12     | Reached skill level 4 in Dodging
 13187 | D:12     | Reached XP level 12. HP: 83/83 MP: 12/12
 13231 | D:12     | Noticed a centaur warrior
 13365 | D:12     | Killed a centaur warrior
 13615 | D:12     | Found a staircase to the Orcish Mines.
 13837 | Orc:1    | Entered Level 1 of the Orcish Mines
 13875 | Orc:1    | Noticed an orc warlord
 14048 | D:12     | Reached skill level 5 in Fighting
 14048 | D:12     | Reached skill level 5 in Dodging
 14057 | D:12     | HP: 20/86 [orc warlord/+0 halberd (7)]
 14059 | D:12     | Killed an orc warlord
 14564 | Orc:2    | Entered Level 2 of the Orcish Mines
 14564 | Orc:2    | Found a staircase to the Elven Halls.
 14686 | Orc:1    | HP: 19/87 [orc knight/+1 great mace of venom (22)]
 14691 | Orc:1    | Reached skill level 6 in Fighting
 14921 | Orc:1    | Reached skill level 6 in Dodging
 15372 | Orc:2    | Noticed an orc high priest
 15372 | Orc:2    | Noticed an orc high priest
 15373 | Orc:2    | Noticed an orc high priest
 15373 | Orc:2    | Noticed an orc high priest
 15655 | Orc:2    | Killed an orc high priest
 15656 | Orc:2    | Reached skill level 7 in Fighting
 15668 | Orc:2    | HP: 15/91 [soul eater[an orc high priest] (16)]
 15668 | Orc:2    | Slain by an ice devil

Vanquished Creatures
  An orc warlord (D:12)
  A centaur warrior (D:12)
  A boulder beetle (D:12)
  2 two-headed ogres
  An orc high priest (Orc:2)
  An orc knight (Orc:1)
  2 ugly things
  3 cyclopes
  2 orc sorcerers
  A manticore (D:11)
  An unseen horror (D:11)
  Maggie (D:6)
  A gargoyle (D:11)
  6 kobold demonologists (D:11)
  6 trolls
  Grinder (D:6)
  4 shadows
  A wraith (D:9)
  Sigmund (D:3)
  14 yaks
  2 wyverns
  A steam dragon (D:8)
  2 wargs
  4 vampire mosquitoes (D:12)
  Duvessa (D:5)
  An acid dragon (D:9)
  4 black bears
  21 orc warriors
  A sky beast (D:7)
  10 centaurs
  6 ogres
  4 kobold brigands (D:11)
  3 bullfrogs
  Blork the orc (D:6)
  3 scorpions
  5 wights (D:8)
  Dowan (D:5)
  4 howler monkeys
  2 hounds
  5 jellies
  9 orc priests
  A gnoll bouda (D:5)
  A sleepcap (D:5)
  6 iguanas
  19 orc wizards
  7 gnolls
  A shadow imp (D:6)
  2 white imps
  2 worms (D:2)
  80 orcs
  4 bats
  6 endoplasms
  4 giant cockroaches
  6 goblins
  10 hobgoblins
  6 jackals
  8 quokkas
  8 ball pythons
  6 frilled lizards
  23 kobolds
  5 rats
346 creatures vanquished.

Table legend:
 A = Non-vault XP
 B = Vault XP
 C = Vault XP percentage of total XP
 D = Non-vault monster count
 E = Vault monster count
 F = Vault count percentage of total count
                 A         B        C        D         E       F
            +---------+---------+-------+---------+---------+-------
      Total |   26815 |    3891 |  12.7 |     276 |      70 |  20.2
            +---------+---------+-------+---------+---------+-------
        D:1 |      32 |       0 |   0.0 |      19 |       0 |   0.0
        D:2 |      44 |       0 |   0.0 |      24 |       0 |   0.0
        D:3 |     107 |     224 |  67.7 |      17 |       7 |  29.2
        D:4 |      85 |       0 |   0.0 |       4 |       0 |   0.0
        D:5 |     512 |     226 |  30.6 |      12 |       2 |  14.3
        D:6 |     840 |     761 |  47.5 |      20 |       3 |  13.0
        D:7 |     389 |       0 |   0.0 |      10 |       0 |   0.0
        D:8 |    1754 |     253 |  12.6 |      19 |       9 |  32.1
        D:9 |    1997 |       0 |   0.0 |      21 |       0 |   0.0
       D:10 |    2366 |       0 |   0.0 |      19 |       0 |   0.0
       D:11 |    6627 |     672 |   9.2 |      31 |       4 |  11.4
       D:12 |    7969 |     221 |   2.7 |      32 |      17 |  34.7
      Orc:1 |    2536 |       0 |   0.0 |      30 |       0 |   0.0
      Orc:2 |    1557 |     824 |  34.6 |      18 |       6 |  25.0
     Bailey |       0 |     710 | 100.0 |       0 |      22 | 100.0
            +---------+---------+-------+---------+---------+-------

Skill      XL: |  1  2  3  4  5  6  7  8  9 10 11 12 |
---------------+-------------------------------------+-----
Shapeshifting  | 3 4 5 6 7 9 11 13 | 13.0
Unarmed Combat | 3 4 5 6 8 9 |  9.0
Fighting       | 4 7 |  7.0
Dodging        | 4 6 |  6.6

Action                     |  1- 3 |  4- 6 |  7- 9 | 10-12 || total
---------------------------+-------+-------+-------+-------++-------
  Melee: Unarmed           |   180 |    97 |   320 |   656 ||  1253
         Punch             |     1 |     1 |       |     4 ||     6
         Touch             |       |    10 |    64 |   154 ||   228
  Evoke: Wand              |       |       |     7 |     8 ||    15
    Use: Potion            |     1 |     3 |     5 |     3 ||    12
         Scroll            |       |       |    14 |    11 ||    25
   Stab: Distracted        |       |       |       |     2 ||     2
 Armour: Animal skin       |    24 |    14 |    15 |       ||    53
         Skin              |     1 |     3 |    16 |     1 ||    21
         Swamp dragon scal |       |       |    31 |     3 ||    34
         Ring mail         |       |       |    33 |   189 ||   222
  Dodge: Dodged            |   128 |    67 |   282 |   665 ||  1142
         Repelled          |       |       |     2 |     6 ||     8
   Form: Flux              |     1 |     1 |       |     1 ||     3
         Beast             |       |     1 |       |       ||     1
         Blade             |       |       |       |     1 ||     1

Illustrated notes

Table legend:
 A = Kills in this place as a percentage of kills in the entire game.
 B = Kills by you in this place as a percentage of kills by you in the entire game.
 C = Kills by friends in this place as a percentage of kills by friends in the entire game.
 D = Other kills in this place as a percentage of other kills in the entire game.
 E = Experience gained in this place as a percentage of experience gained in the entire game.
 F = Experience gained in this place divided by the number of levels of this place that you have seen.
                   A       B       C       D       E      F
               +-------+-------+-------+-------+-------+----------------------
         Total | 100.0 | 100.0 |   N/A |   N/A | 100.0 | 1919.1
       Dungeon |  78.0 |  78.0 |   N/A |   N/A |  81.7 | 2089.9
  Orcish Mines |  15.6 |  15.6 |   N/A |   N/A |  16.0 | 2458.5
        Bailey |   6.4 |   6.4 |   N/A |   N/A |   2.3 | 710.0
               +-------+-------+-------+-------+-------+----------------------

Table legend: (Time is in decaauts)
 A = Elapsed time spent in this place.
 B = Non-inter-level travel time spent in this place.
 C = Inter-level travel time spent in this place.
 D = Time resting spent in this place.
 E = Time spent auto-exploring this place.
 F = Levels seen in this place.
 G = Mean time per level.
                   A        B        C        D        E       F      G
               +--------+--------+--------+--------+--------+-----+--------+
         Total |  15527 |  14813 |    714 |   1072 |  10706 |  16 |  970.4 |
       Dungeon |  13653 |  12942 |    711 |    901 |   9630 |  12 | 1137.8 |
        Temple |     43 |     43 |      0 |      0 |      0 |   1 |   43.0 |
  Orcish Mines |   1327 |   1324 |      3 |    170 |    815 |   2 |  663.5 |
        Bailey |    502 |    502 |      0 |      0 |    260 |   1 |  502.0 |
               +--------+--------+--------+--------+--------+-----+--------+

Top non-repeatable levels by time:
    D:12: 1995 daAuts
     D:6: 1502 daAuts
    D:11: 1348 daAuts
     D:5: 1311 daAuts
     D:8: 1247 daAuts
    D:10: 1228 daAuts
     D:3: 1219 daAuts
     D:2: 826 daAuts
     D:9: 822 daAuts
     D:1: 755 daAuts
     D:4: 746 daAuts
   Orc:1: 689 daAuts
     D:7: 651 daAuts
   Orc:2: 638 daAuts
  Bailey: 502 daAuts
